Map: Efflorescence LE

Players

Massa

  • Race: Terran Terran
  • League: Platinum
  • Spawn Location: 3:00

qqq

  • Race: Protoss Protoss
  • Spawn Location: 12:00

viso

  • Race: Zerg Zerg
  • League: Platinum
  • Spawn Location: 9:00

katamorphism

  • Race: Protoss Protoss
  • Spawn Location: 6:00

VOD

Have the link to the VOD?

Description

Time

  • Played on: Nov. 7, 2020, 4:44 p.m.
  • Length: 13:59
Show
View Real Time Build Order
Export as new Build Order

Massa Terran 

Build Orders:  

Get SALT Encoding   

  12  0:00  SCV  
  13  0:12  SCV  
  14  0:19  Supply Depot  
  14  0:24  SCV  
  15  0:41  SCV  
  15  0:42  Barracks  
  16  0:53  SCV  
  17  1:04  Refinery  
  17  1:05  SCV  
  17  1:06  Refinery  
  18  1:17  SCV  
  19  1:29  SCV  
  20  1:33  Marine  
  20  1:37  Supply Depot  
  21  1:41  Orbital Command  
  21  1:52  Reaper  
  22  2:22  SCV  
  23  2:25  Barracks Reactor  
  23  2:30  Factory  
  23  2:38  SCV  
  23  2:40  Command Center  
  24  2:51  SCV  
  25  3:09  Barracks  
  25  3:47  SCV  
  26  3:48  Supply Depot  
  26  3:50  Supply Depot  
  26  3:54  Orbital Command  
  26  3:59  SCV  
  27  4:11  SCV  
  28  4:20  Factory Tech Lab  
  28  4:21  Barracks Tech Lab  
  28  4:23  SCV  
  28  4:29  Factory  
  28  4:31  Barracks  
  28  4:33  Starport, SCV  
  28  4:35  SCV  
  30  4:43  Siege Tank  
  33  4:46  SCV, Marauder, Stimpack  
  33  4:47  SCV, Marine x2  
  39  4:57  Engineering Bay  
  39  4:58  SCV  
  39  4:59  SCV  
  41  5:04  Marine  
  43  5:10  SCV  
  43  5:11  Marauder  
  46  5:15  Siege Tank  
  46  5:19  Barracks Tech Lab  
  46  5:20  Factory Tech Lab  
  49  5:22  Barracks, Marine  
  50  5:29  Liberator  
  50  5:32  Marauder  
  55  5:36  Marine  
  55  5:39  SCV x2  
  55  5:40  Marine  
  58  5:43  Refinery  
  58  5:46  Missile Turret  
  58  5:50  Missile Turret  
  58  5:51  Reaper, SCV x2  
  58  5:54  Marine  
  62  6:05  Supply Depot  
  62  6:06  Supply Depot  
  62  6:07  Missile Turret  
  62  6:08  Terran Infantry Weapons Level 1  
  62  6:11  Missile Turret  
  62  6:12  Combat Shield  
  62  6:26  SCV x2, Marauder, Concussive Shells  
  66  6:43  Barracks Reactor  
  66  6:44  Refinery, Starport Reactor  
  66  6:48  Siege Tank  
  66  6:52  SCV  
  66  6:53  SCV  
  71  6:58  Command Center  
  71  7:04  SCV  
  72  7:15  Marine x4  
  71  7:20  Cyclone  
  76  7:33  Marine x2  
  78  7:40  Supply Depot x2  
  78  7:43  Supply Depot  
  78  7:44  Supply Depot  
  78  8:02  SCV x2, Marauder, Marine, Medivac x2, Siege Tank x2  
  78  8:04  Barracks  
  78  8:05  Marauder  
  95  8:08  Supply Depot  
  95  8:09  Armory  
  95  8:17  SCV x2  
  97  8:24  Marauder  
  97  8:26  Marauder  
  100  8:29  SCV x2  
  100  8:30  Marine x4  
  100  8:33  Orbital Command  
  106  8:41  SCV x2  
  106  8:45  Marauder  
  106  8:46  Missile Turret  
  106  8:48  Marauder, Marine, Missile Turret  
  113  8:50  Terran Infantry Armor Level 1  
  113  8:51  Viking x2  
  113  8:53  SCV x2  
  119  8:59  Barracks Tech Lab  
  119  9:04  SCV  
  119  9:05  SCV x2  
  119  9:06  Missile Turret  
  122  9:10  Thor, Missile Turret  
  122  9:16  SCV  
  129  9:21  Supply Depot x2  
  129  9:24  SCV x2, Supply Depot  
  131  9:28  Refinery, SCV  
  132  9:33  Marine  
  133  9:42  Marine, Thor  
  133  9:43  Marauder x2, Marine, Medivac x2  
  149  9:53  Command Center  
  149  9:57  Thor  
  155  10:03  Refinery, SCV x2  
  157  10:28  Smart Servos  
  157  10:36  Engineering Bay  
  157  10:40  Supply Depot  
  157  10:41  SCV x2, Supply Depot x2  
  157  10:44  SCV, Terran Infantry Weapons Level 2  
  156  11:01  Sensor Tower  
  156  11:02  Thor  
  162  11:05  Supply Depot  
  162  11:06  Supply Depot  
  162  11:07  Sensor Tower, Supply Depot  
  162  11:17  Missile Turret  
  162  11:18  Missile Turret x2  
  162  11:20  Missile Turret x2  
  162  11:31  Planetary Fortress  
  162  11:33  SCV x3  
  162  11:38  Missile Turret  
  162  11:39  Missile Turret  
  165  11:40  Marauder x2, Missile Turret  
  165  11:41  Marine x4  
  165  11:42  Missile Turret  
  165  11:45  SCV x2  
  165  11:46  SCV  
  182  11:51  Thor x2  
  188  11:57  SCV  
  188  11:58  SCV, Sensor Tower  
  190  12:01  Marauder x2  
  190  12:02  Missile Turret  
  190  12:03  Armory  
  190  12:06  Refinery  
  194  12:10  SCV  
  194  12:11  SCV x3  
  198  12:19  Refinery  
  198  12:23  Marauder  
  198  12:29  Command Center  
  126  12:56  Marauder  
  126  12:57  Marauder, Marine x4  
  101  12:58  Thor x2  
  101  13:01  Viking x2  
  102  13:15  Marine x3  
  102  13:18  Marauder x2  
  107  13:34  Marine  
  107  13:35  Marine x3  
Show
View Real Time Build Order
Export as new Build Order

qqq Protoss 

Build Orders: Carriers 

Get SALT Encoding   

  12  0:14  Probe  
  12  0:21  Pylon  
  13  0:26  Probe  
  14  0:38  Probe  
  14  0:39  Forge  
  15  0:51  Probe  
  16  1:03  Probe  
  16  1:04  Pylon  
  17  1:15  Probe  
  18  1:19  Pylon  
  18  1:23  Photon Cannon  
  18  1:31  Pylon  
  18  1:46  Pylon  
  18  2:01  Pylon  
  18  2:17  Photon Cannon  
  17  2:28  Probe  
  18  2:34  Photon Cannon  
  18  2:40  Probe  
  18  2:54  Nexus  
  18  2:59  Probe  
  18  3:03  Pylon  
  19  3:06  Gateway, Pylon  
  19  3:08  Pylon  
  19  3:20  Probe  
  19  3:23  Photon Cannon  
  20  3:32  Probe  
  20  3:33  Photon Cannon  
  21  3:43  Assimilator  
  21  3:44  Probe  
  21  3:48  Assimilator  
  22  3:56  Probe  
  22  3:57  Cybernetics Core  
  23  4:12  Probe x2  
  25  4:19  Pylon  
  25  4:25  Probe (Chrono Boost)  
  25  4:28  Probe (Chrono Boost)  
  27  4:35  Probe (Chrono Boost)  
  27  4:37  Probe (Chrono Boost)  
  29  4:43  Probe (Chrono Boost)  
  29  4:44  Probe (Chrono Boost)  
  31  4:51  Probe x2, Stargate  
  33  5:01  Shield Battery  
  33  5:03  Probe x2  
  35  5:15  Probe x2  
  35  5:18  Stargate  
  37  5:22  Pylon  
  37  5:27  Probe x2  
  39  5:39  Probe  
  39  5:40  Phoenix (Chrono Boost)  
  42  5:46  Nexus  
  42  5:49  Pylon  
  42  5:50  Pylon  
  42  5:52  Pylon  
  42  6:01  Assimilator  
  42  6:02  Probe, Phoenix (Chrono Boost)  
  42  6:03  Probe  
  46  6:05  Assimilator  
  46  6:13  Photon Cannon  
  46  6:14  Probe  
  46  6:15  Probe  
  48  6:19  Photon Cannon  
  48  6:21  Shield Battery  
  48  6:25  Photon Cannon  
  48  6:29  Probe  
  48  6:30  Probe  
  50  6:37  Phoenix  
  51  6:42  Probe x2  
  51  6:50  Phoenix  
  53  7:00  Protoss Air Weapons Level 1  
  53  7:05  Phoenix  
  55  7:17  Phoenix  
  55  7:20  Probe  
  57  7:32  Probe  
  58  7:38  Probe  
  58  7:39  Probe  
  61  7:44  Probe  
  61  7:51  Probe x2  
  63  7:54  Pylon  
  63  7:56  Probe  
  63  7:57  Pylon  
  64  8:03  Probe x2  
  66  8:05  Nexus  
  66  8:07  Pylon x2  
  66  8:08  Probe  
  66  8:10  Pylon  
  66  8:11  Pylon  
  67  8:15  Probe x2  
  67  8:18  Phoenix x2  
  73  8:20  Probe  
  74  8:27  Probe x2  
  74  8:28  Fleet Beacon  
  74  8:32  Photon Cannon  
  76  8:36  Photon Cannon  
  76  8:41  Shield Battery  
  76  8:42  Photon Cannon x2  
  76  8:43  Phoenix  
  76  8:47  Photon Cannon  
  78  8:49  Phoenix  
  81  9:07  Assimilator  
  80  9:11  Phoenix, Assimilator  
  80  9:13  Tempest  
  87  9:17  Anion Pulse-Crystals  
  87  9:37  Carrier  
  87  9:38  Probe (Chrono Boost), Protoss Air Armor Level 1  
  94  9:44  Photon Cannon, Shield Battery  
  94  9:47  Pylon  
  94  9:48  Probe (Chrono Boost)  
  94  9:49  Photon Cannon  
  95  9:53  Probe (Chrono Boost)  
  95  9:56  Assimilator  
  96  10:00  Assimilator  
  96  10:04  Probe  
  96  10:07  Carrier  
  103  10:16  Probe  
  104  10:28  Probe  
  104  10:34  Stargate  
  105  10:36  Stargate  
  105  10:41  Carrier  
  111  10:57  Nexus  
  111  10:59  Pylon  
  111  11:03  Pylon  
  111  11:06  Pylon  
  111  11:08  Pylon  
  111  11:10  Pylon  
  111  11:11  Carrier  
  109  11:45  Carrier  
  109  11:46  Tempest x2  
  121  11:54  Probe  
  121  11:55  Shield Battery  
  121  11:56  Photon Cannon  
  121  11:57  Photon Cannon  
  121  11:59  Pylon  
  122  12:06  Photon Cannon  
  122  12:07  Probe  
  122  12:08  Photon Cannon  
  123  12:10  Photon Cannon  
  123  12:15  Carrier  
  129  12:18  Robotics Facility  
  129  12:19  Probe  
  130  12:29  Tempest x2  
  138  12:31  Probe  
  134  12:43  Probe  
  129  12:49  Tempest  
  103  13:08  Observer (Chrono Boost)  
  103  13:11  Tempest x2  
  114  13:25  Observer (Chrono Boost)  
  114  13:27  Probe  
  121  13:39  Probe  
Show
View Real Time Build Order
Export as new Build Order

viso Zerg 

Build Orders: Hatch First, Roach Hydra 

Get SALT Encoding   

  12  0:01  Drone  
  13  0:12  Overlord  
  13  0:18  Drone  
  14  0:31  Drone x2  
  14  0:35  Drone  
  17  0:54  Hatchery  
  16  0:57  Drone  
  17  1:11  Spawning Pool  
  17  1:17  Drone  
  17  1:18  Drone  
  18  1:38  Drone x2, Extractor  
  19  1:48  Drone  
  20  1:59  Queen  
  22  2:04  Overlord  
  22  2:05  Roach Warren  
  22  2:07  Drone  
  22  2:11  Zergling x2  
  22  2:15  Zergling x2  
  24  2:18  Zergling x2  
  25  2:27  Extractor, Drone  
  25  2:41  Queen  
  25  2:42  Drone x2  
  29  2:53  Drone  
  29  2:54  Drone x2  
  32  3:06  Spore Crawler  
  32  3:07  Evolution Chamber  
  29  3:20  Drone x2  
  29  3:21  Drone x3  
  29  3:24  Drone  
  35  3:35  Overlord  
  35  3:48  Hatchery  
  34  3:57  Drone x2  
  34  3:58  Drone x2  
  38  4:06  Queen  
  38  4:08  Spore Crawler  
  39  4:14  Roach  
  41  4:22  Roach  
  41  4:23  Overlord  
  43  4:29  Lair  
  43  4:35  Zerg Missile Weapons Level 1  
  43  4:36  Overlord  
  43  4:51  Overlord, Roach  
  43  4:52  Drone, Roach  
  48  4:53  Drone x2  
  50  5:08  Drone x2  
  50  5:09  Drone x4  
  56  5:20  Drone  
  56  5:21  Queen  
  59  5:31  Evolution Chamber  
  59  5:33  Hydralisk Den  
  59  5:34  Glial Reconstitution  
  59  5:35  Spore Crawler  
  56  5:36  Roach x2  
  56  5:37  Roach  
  62  5:48  Ravager x4  
  66  5:50  Drone, Overlord  
  66  5:51  Drone x3  
  66  5:54  Overlord  
  70  5:57  Drone  
  70  5:58  Drone  
  70  6:03  Zerg Ground Armor Level 1  
  72  6:08  Drone x2  
  72  6:11  Drone x3  
  77  6:15  Spore Crawler  
  76  6:19  Spine Crawler  
  76  6:20  Drone  
  76  6:27  Muscular Augments  
  76  6:28  Drone x4  
  80  6:42  Extractor  
  80  6:44  Extractor  
  77  6:56  Roach  
  77  6:57  Roach x3  
  84  7:03  Hatchery  
  84  7:07  Roach x4  
  89  7:11  Overlord x2  
  89  7:12  Overlord  
  86  7:23  Hydralisk x2  
  86  7:25  Overlord x2  
  82  7:35  Hydralisk x2  
  82  7:36  Hydralisk  
  85  7:58  Hydralisk x3  
  85  8:00  Overlord  
  91  8:07  Hydralisk  
  91  8:08  Hydralisk  
  91  8:09  Overlord x3  
  95  8:13  Drone  
  95  8:17  Extractor  
  95  8:18  Drone x2, Overlord  
  95  8:19  Drone, Hydralisk  
  100  8:24  Queen  
  100  8:25  Hydralisk x2  
  100  8:26  Hydralisk  
  100  8:27  Drone  
  109  8:34  Drone  
  110  8:35  Extractor  
  109  8:42  Grooved Spines  
  109  8:52  Hydralisk x2  
  109  8:53  Hydralisk x2  
  109  8:55  Zergling x10  
  121  8:56  Zergling x14  
  121  8:58  Metabolic Boost  
  129  9:08  Extractor  
  129  9:09  Extractor  
  127  9:23  Zergling x8  
  127  9:24  Zergling x8  
  134  9:28  Zerg Melee Weapons Level 1  
  135  9:31  Drone  
  135  9:32  Drone x2  
  138  9:42  Hydralisk x3  
  144  9:47  Overseer x2  
  144  9:50  Spore Crawler  
  144  9:51  Drone x2  
  145  9:59  Zerg Ground Armor Level 2  
  145  10:10  Hydralisk  
  145  10:11  Hydralisk x3  
  153  10:27  Spore Crawler  
  152  10:29  Drone x2  
  152  10:30  Drone x2  
  152  10:31  Spore Crawler  
  152  10:34  Drone  
  156  10:41  Hydralisk x3  
  156  10:42  Hydralisk x2  
  166  10:58  Spore Crawler  
  166  11:01  Drone x4, Spore Crawler  
  166  11:02  Overlord  
  166  11:03  Overlord  
  168  11:16  Infestation Pit  
  165  11:27  Hydralisk  
  165  11:28  Hydralisk x5, Spore Crawler  
  165  11:30  Overlord  
  176  11:36  Overlord x2  
  176  11:41  Zerg Missile Weapons Level 2  
  176  11:51  Hydralisk x3  
  176  11:53  Overlord  
  182  12:15  Roach x4  
  190  12:16  Roach x5  
  188  12:37  Hydralisk x5  
  188  12:38  Hydralisk  
  188  12:43  Roach x3  
  190  12:49  Hydralisk  
  190  12:50  Hydralisk  
  168  12:57  Roach x3  
  162  13:04  Roach x3  
  166  13:11  Hydralisk x2  
  166  13:12  Hydralisk  
  172  13:24  Roach x5  
  180  13:35  Hydralisk x2  
Show
View Real Time Build Order
Export as new Build Order

katamorphism Protoss 

Build Orders: 1 Gate Expand, Carriers 

Get SALT Encoding   

  12  0:00  Probe (Chrono Boost)  
  13  0:09  Probe (Chrono Boost)  
  14  0:21  Pylon  
  14  0:22  Probe  
  15  0:39  Probe  
  15  0:41  Gateway  
  16  0:51  Probe  
  17  1:11  Nexus  
  17  1:14  Probe  
  18  1:28  Zealot  
  18  1:29  Probe  
  21  1:48  Probe  
  21  2:00  Probe  
  21  2:12  Probe, Cybernetics Core  
  22  2:24  Probe  
  22  2:29  Gateway  
  23  2:36  Probe  
  24  2:39  Probe  
  25  2:50  Probe (Chrono Boost)  
  26  2:52  Assimilator  
  26  2:55  Probe (Chrono Boost)  
  26  2:56  Assimilator  
  27  3:05  Probe x2 (Chrono Boost)  
  29  3:21  Probe x2  
  29  3:26  Adept (Chrono Boost)  
  30  3:33  Probe x2  
  34  3:45  Probe  
  34  3:47  Stalker  
  37  4:03  Probe  
  37  4:06  Stargate  
  38  4:16  Pylon  
  38  4:26  Assimilator  
  38  4:30  Assimilator  
  38  4:35  Probe (Chrono Boost)  
  38  4:37  Probe (Chrono Boost)  
  40  4:41  Probe (Chrono Boost)  
  40  4:45  Protoss Air Weapons Level 1 (Chrono Boost)  
  41  4:46  Probe (Chrono Boost)  
  41  4:52  Probe (Chrono Boost), Nexus, Pylon  
  43  4:54  Probe (Chrono Boost)  
  43  4:56  Pylon  
  43  4:57  Probe (Chrono Boost)  
  45  5:01  Pylon  
  45  5:04  Void Ray  
  45  5:07  Probe  
  50  5:19  Stargate  
  50  5:22  Probe  
  50  5:25  Probe  
  52  5:34  Probe  
  53  5:37  Probe  
  54  5:43  Void Ray (Chrono Boost)  
  54  5:46  Probe  
  54  5:47  Forge  
  59  6:01  Fleet Beacon  
  59  6:05  Probe x2  
  59  6:06  Probe  
  59  6:08  Assimilator  
  62  6:12  Void Ray, Shield Battery  
  62  6:17  Probe  
  62  6:18  Probe  
  68  6:24  Probe (Chrono Boost)  
  69  6:30  Probe (Chrono Boost)  
  71  6:34  Probe (Chrono Boost)  
  73  6:40  Probe x2 (Chrono Boost)  
  73  6:43  Probe (Chrono Boost)  
  73  6:45  Probe (Chrono Boost)  
  73  6:46  Flux Vanes  
  74  6:50  Protoss Air Armor Level 1 (Chrono Boost)  
  70  6:56  Probe  
  70  7:00  Probe x2  
  69  7:02  Stalker  
  69  7:07  Pylon  
  67  7:08  Probe  
  67  7:10  Carrier (Chrono Boost)  
  80  7:19  Carrier (Chrono Boost)  
  80  7:21  Cybernetics Core  
  81  7:23  Probe (Chrono Boost)  
  81  7:27  Probe (Chrono Boost)  
  82  7:32  Probe (Chrono Boost)  
  82  7:34  Protoss Shields Level 1  
  85  7:37  Probe x3 (Chrono Boost)  
  85  7:39  Assimilator  
  86  7:48  Probe x2, Stargate  
  86  7:49  Probe  
  89  8:00  Probe  
  89  8:01  Probe  
  89  8:03  Photon Cannon  
  89  8:04  Photon Cannon, Pylon  
  89  8:05  Probe  
  92  8:12  Probe  
  92  8:17  Pylon  
  93  8:21  Pylon  
  93  8:22  Pylon  
  99  8:32  Probe, Pylon  
  99  8:34  Carrier (Chrono Boost)  
  100  8:38  Carrier (Chrono Boost)  
  106  8:44  Protoss Air Weapons Level 2 (Chrono Boost)  
  106  8:48  Protoss Air Armor Level 2 (Chrono Boost)  
  112  9:03  Probe  
  112  9:04  Nexus  
  112  9:05  Probe, Pylon  
  112  9:06  Pylon  
  114  9:10  Carrier (Chrono Boost)  
  113  9:17  Probe  
  113  9:22  Stargate  
  114  9:25  Pylon  
  114  9:29  Probe  
  115  9:41  Probe  
  116  9:50  Mothership (Chrono Boost)  
  130  9:57  Probe  
  130  9:58  Carrier (Chrono Boost)  
  137  10:03  Carrier (Chrono Boost)  
  137  10:04  Carrier (Chrono Boost)  
  143  10:21  Carrier (Chrono Boost)  
  143  10:27  Probe  
  150  10:42  Nexus  
  146  10:52  Carrier  
  152  11:02  Pylon  
  152  11:03  Pylon  
  152  11:05  Pylon  
  152  11:07  Pylon  
  152  11:12  Protoss Air Weapons Level 3 (Chrono Boost)  
  152  11:20  Probe  
  152  11:21  Carrier  
  152  11:24  Probe (Chrono Boost)  
  153  11:29  Carrier  
  156  11:36  Probe (Chrono Boost)  
  156  11:37  Probe (Chrono Boost)  
  158  11:42  Probe (Chrono Boost)  
  158  11:44  Probe (Chrono Boost)  
  158  11:46  Probe (Chrono Boost)  
  160  11:48  Probe (Chrono Boost)  
  160  11:49  Carrier  
  160  11:50  Probe  
  168  11:56  Probe  
  168  12:00  Probe, Twilight Council  
  170  12:02  Probe  
  170  12:03  Probe  
  172  12:08  Probe  
  172  12:09  Assimilator  
  172  12:13  Probe, Assimilator  
  172  12:14  Probe  
  172  12:15  Probe  
  176  12:20  Probe  
  177  12:25  Probe  
  170  12:50  Carrier  
  168  12:55  Carrier  
  180  13:17  Probe  
  180  13:18  Probe x2  
Tags
 
Add a new tag
Caveats
  • Supply blocks, unpowered buildings, or Contaminate may cause inaccurate times.
  • Supply counts are checked every 10 seconds.